 Dungeon Crawl Stone Soup version 0.29-a0-555-g3b24f45cc1 (webtiles) character file.

Game seed: 14377425516019430338

53 gruber the Firebug (level 3, 0/19 HPs)
             Began as a Deep Elf Fire Elementalist on June 7, 2022.
             Slain by a hobgoblin (4 damage)
             ... led by Robin
             ... on level 1 of the Dungeon.
             The game lasted 00:02:43 (1837 turns).

gruber the Firebug (Deep Elf Fire Elementalist)     Turns: 1837, Time: 00:02:43

Health: 0/19       AC:  6    Str:  5    XL:     3   Next: 64%
Magic:  3/9        EV: 12    Int: 21    God:
Gold:   48         SH:  0    Dex: 15    Spells: 5/8 levels left

rFire   . . .      SeeInvis .   i - +2 spear (flame)
rCold   . . .      Faith    .   (no shield)
rNeg    . . .      Spirit   .   a - +0 robe
rPois   .          Reflect  .   j - +0 helmet
rElec   .          Harm     .   (no cloak)
rCorr   .          Rampage  .   (no gloves)
Will    .....                   d - +2 pair of boots
Stlth   ++........              (no amulet)
HPRegen 0.06/turn               (no ring)
MPRegen 0.11/turn               (no ring)

@: no status effects
A: no striking features
a: no special abilities


You were on level 1 of the Dungeon.
You visited 1 branch of the dungeon, and saw 2 of its levels.

You collected 48 gold pieces.

Inventory:

Hand Weapons
 i - a +2 spear of flaming (weapon)
Missiles
 e - a throwing net
Armour
 a - a +0 robe (worn)
 d - a +2 pair of boots (worn)
 j - a +0 helmet (worn)
Wands
 h - a wand of polymorph (3)
Scrolls
 c - 2 scrolls of teleportation {unknown}
Potions
 b - a potion of magic
 f - a potion of mutation {unknown}
 g - a potion of brilliance {unknown}


   Skills:
 - Level 2.4 Dodging
 - Level 2.4 Stealth
 - Level 3.0 Spellcasting
 - Level 1.1 Conjurations
 * Level 5.1 Fire Magic


You had 5 spell levels left.
You knew the following spells:

 Your Spells              Type           Power      Damage    Failure   Level
a - Foxfire               Conj/Fire      64%        2x1d7     3%          1
b - Scorch                Fire           48%        2d7       2%          2

Your spell library contained the following spells:

 Spells                   Type           Power      Damage    Failure   Level
 Conjure Flame            Conj/Fire      16%        6-21      11%         3
 Inner Flame              Hex/Fire       14%        N/A       14%         3
 Flame Wave               Conj/Fire      16%        2d6       36%         4


Dungeon Overview and Level Annotations

Branches:
Dungeon (2/15)

Altars:


Message History

The hobgoblin closely misses you. The goblin barely misses you.
The goblin closely misses you. The goblin hits you with a +0 dagger.
Unknown command.
Unknown command.
Casting: Scorch (safe; 2% risk of failure)
Confirm with . or Enter, or press ? or * to list all spells.
Flames lash the goblin.
You kill the goblin!
The hobgoblin misses you. The goblin hits you but does no damage.
The goblin hits you with a +0 club. The goblin hits you but does no damage.
Unknown command.
Unknown command.
Casting: Scorch (safe; 2% risk of failure)
Confirm with . or Enter, or press ? or * to list all spells.
You don't have enough magic to cast this spell.
Unknown command.
Unknown command.
The hobgoblin attacks as you move away! The hobgoblin completely misses you.
The goblin hits you but does no damage.
Things that are here:
a +0 dagger; a goblin corpse You hit the goblin but do no damage.
The goblin hits you but does no damage. The goblin closely misses you.
The goblin attacks as you move away! The goblin hits you with a +0 dagger.
The goblin hits you with a +0 club.
* * * LOW HITPOINT WARNING * * *
The goblin hits you but does no damage. The goblin attacks as you move away!
The goblin hits you with a +0 club.
* * * LOW HITPOINT WARNING * * *
The goblin attacks as you move away! The goblin hits you but does no damage.
The hobgoblin attacks as you move away! The hobgoblin closely misses you.
The hobgoblin attacks as you move away!
The hobgoblin hits you but does no damage.
You see here a +0 club.
The hobgoblin attacks as you move away!
The hobgoblin hits you but does no damage.
The hobgoblin attacks as you move away! The hobgoblin barely misses you.
The hobgoblin attacks as you move away! The hobgoblin closely misses you.
The hobgoblin attacks as you move away! The hobgoblin hits you.
You die...

.#.####..# #######.##..........
.#.#.....# #.#g)#########
.#.#.###.# #.....# # ...#.# #.#
###.#.# .....# #.# ####..#.#
....## #.# #..g.##.# ....####.#
#...###.# ##...##..#########g..#
#.## ........).......@g...# #..##
######..##########...# ##..#
#..## ####....# ##.#
#...#####.......# #.# #
##.....##'#.##### #.# #
#.######.### #.#
#######.##<....##### #.#
.....##.######>#...# ####.######
####..#.#....###...####..........


You could see a hobgoblin and 2 goblins.

Vanquished Creatures
  Robin (D:1)
  2 dart slugs (D:1)
  4 endoplasms (D:1)
  10 goblins (D:1)
  2 hobgoblins (D:1)
  4 quokkas (D:1)
  3 ball pythons (D:1)
  2 frilled lizards (D:1)
  6 kobolds (D:1)
  A rat (D:1)
35 creatures vanquished.

Vanquished Creatures (collateral kills)
  7 foxfires (D:1)
7 creatures vanquished.

Vanquished Creatures (others)
  160 foxfires (D:1)
  5 plants (D:1)
165 creatures vanquished.

Grand Total: 207 creatures vanquished

Notes
Turn   | Place    | Note
-------+----------+-------------------------------------------
     0 | D:1      | gruber the Deep Elf Fire Elementalist began the quest for
                  | the Orb.
     0 | D:1      | Reached XP level 1. HP: 10/10 MP: 6/6
   336 | D:1      | Reached skill level 4 in Fire Magic
   336 | D:1      | Reached XP level 2. HP: 15/15 MP: 2/8
  1313 | D:1      | Reached XP level 3. HP: 19/19 MP: 3/9
  1379 | D:1      | Learned a level 2 spell: Scorch
  1604 | D:2      | Noticed Robin
  1724 | D:1      | Killed Robin
  1725 | D:1      | Reached skill level 5 in Fire Magic
  1837 | D:1      | Slain by a hobgoblin

Illustrated notes

Levels and vault maps discovered:
D:1:      amcnicky_arrival_choice, layout_rooms, hangedman_decor_points,
          lexackson_kobold_supper
D:2:      minmay_chambers_of_ones, layout_rooms, basic_ecumenical_altar,
          serial_corexii_hall, chequers_hall_statues_corner_a,
          corexii_hall_statues_i, minmay_distorted, uniq_robin

Skill      XL: |  1  2  3 |
---------------+----------+-----
Fire Magic     | 4 5 |  5.1
Dodging        | |  2.4
Stealth        | |  2.4
Spellcasting   | |  3.0
Conjurations   | |  1.1

Action                   || total
-------------------------++-------
Melee: Unarmed           ||     1
       Spear             ||     1
 Cast: Foxfire           ||    98
       Scorch            ||     4
Armor: Robe              ||    19
Dodge: Dodged            ||    32

Table legend: (Time is in decaauts)
 A = Elapsed time spent in this place.
 B = Non-inter-level travel time spent in this place.
 C = Inter-level travel time spent in this place.
 D = Time resting spent in this place.
 E = Time spent auto-exploring this place.
 F = Levels seen in this place.
 G = Mean time per level.
                   A        B        C        D        E       F      G
               +--------+--------+--------+--------+--------+-----+--------+
         Total |   1819 |   1774 |     45 |      0 |   1519 |   2 |  909.5 |
       Dungeon |   1819 |   1774 |     45 |      0 |   1519 |   2 |  909.5 |
               +--------+--------+--------+--------+--------+-----+--------+

Top non-repeatable levels by time:
     D:1: 1815 daAuts
     D:2: 4 daAuts
